noty, lawful female human Valkyrie ---- --- |..| ---.------..-- |........%...-- ---....------...------ |.%.---...| |....--..| -.--- |...| |...%....---- --- .).- |-..-----.........-- -----|. -... |....| ---.--.....----.|.||.----- ).... --..--- |........)..)%..--.....---- ...... ----.|@| ---.......................-- .....--- |..|.|G| -.........).%......%<...^.| ---.- |.....-- ....--....(....%.....).%....| |. --....| --- |...............--.....| |. |....-- ---...........^-----.--- -- ---...---- |............-- --- ----...- ----*..--.....| |....| ............| ---.-- ----------..-- -- ---- noty the Fighter Experience level: 6 Strength: 18/03 Dexterity: 14 Constitution: 18 Intelligence: 7 Wisdom: 7 Charisma: 9 Health: 0(65) Energy: 13(13) Def: 7 Gold: 420 Moves: 2021 Dungeon seed: UAjtbUEgd1S39fwN Game ID: noty_1468257089 Your Inventory: Coins $ - 420 gold pieces Weapons a - a rusty +1 long sword (weapon in hand) b - a +0 dagger Armor e - a blessed +3 small shield (being worn) n - an uncursed +0 orcish helm (being worn) q - a cursed +0 pair of low boots r - an uncursed +0 pair of iron shoes (being worn) Scrolls f - a blessed scroll of teleportation Potions s - a cursed potion of object detection Rings u - an uncursed ring of protection from shape changers Wands i - a wand of undead turning (0:6) Tools k - an uncursed skeleton key p - 5 uncursed tallow candles (0:200) t - an uncursed towel v - an uncursed oilskin sack Contents of the oilskin sack: an uncursed potion of booze Spells and supernatural/magical abilities: Name Level Category Fail Memory W - pray for help -- divine ? -- Your skills at the end: Fighting Skills wands [Basic] Weapon Skills dagger [Basic] long sword [Skilled] Spellcasting Skills Final Attributes: You were nominally aligned. You were cold resistant. You were stealthy. You are dead. Vanquished creatures: a giant spider 2 gnome kings 5 gnome lords a little dog 3 dwarves a kobold shaman a rothe a centipede a hobbit a yellow mold 17 gnomes 4 geckos a fox a goblin 6 grid bugs a bat 4 lichens a kobold zombie 52 creatures vanquished. Voluntary challenges: You were an atheist. You used a wielded weapon 78 times, starting on turn 6. You read items or engraved 304 times, starting on turn 897. You never genocided any monsters. You never polymorphed an object. You never changed form. You used no wishes. You never split a pudding. You wrote Elbereth's name 304 times, starting on turn 897. You violated your moral code, losing 40 points of alignment, starting on turn 947. Dungeon overview: The Dungeons of Doom: levels 1 to 4 Level 1 a long staircase Level 2 Level 3 a general store, a sink Level 4 a sink stairs to The Gnomish Mines The Gnomish Mines: levels 5 to 7 Level 5 stairs to The Dungeons of Doom Level 6 Level 7 <- You were here History has recorded: On T:1 you entered the Dungeons of Doom to retrieve the Amulet of Yendor! On T:217 you reached level 2 of The Dungeons of Doom. On T:251 you reached level 3 of The Dungeons of Doom. On T:309 you advanced to experience level 2. On T:752 you reached level 4 of The Dungeons of Doom. On T:785 you advanced to experience level 3. On T:899 you reached level 1 of The Gnomish Mines. On T:947 you advanced to experience level 4. On T:1159 you reached level 2 of The Gnomish Mines. On T:1215 you advanced to experience level 5. On T:1360 you reached level 3 of The Gnomish Mines. On T:1903 you advanced to experience level 6. Score breakdown: Gold: 420 ( 8926 points) Experience: 6 levels (12456 points) Exploration: 7 levels ( 14.29%) (10606 points) Discoveries: 1 item ( 0.40%) ( 1901 points) Valuables value: (no points given unless you survive) Artifact value: 0 ( 0 points) Variety of kills: 18 monsters ( 4.70%) ( 6503 points) Turncount: 2021 turns ( -16 points) Survival: died (score multiplied by 80%) Total score: 32300 Latest messages: You add to the writing in the dust with your fingers. (5x) The hill orc turns to flee! You add to the writing in the dust with your fingers. (8x) The hill orc turns to flee! You add to the writing in the dust with your fingers. (6x) The gnome lord turns to flee! The gnome lord swings his crossbow at you. The gnome lord misses. You add to the writing in the dust with your fingers. (2x) The gnome lord swings his crossbow at you. The gnome lord hits! You add to the writing in the dust with your fingers. The gnome lord turns to flee! The gnome lord swings his crossbow at you. The gnome lord hits! You add to the writing in the dust with your fingers. (2x) The gnome lord swings his crossbow at you. The gnome lord hits! You add to the writing in the dust with your fingers. The gnome lord swings his crossbow at you. The gnome lord hits! You die... Final status: Farvel noty the Valkyrie, killed by a gnome lord... You died in The Gnomish Mines on dungeon level 7 with 32300 points, and 420 pieces of gold, after 2021 moves. You were level 6 with a maximum of 65 hit points when you died.